 Dungeon Crawl Stone Soup version 0.31-a0-23-gcbde74481b (webtiles) character file.

Game seed: 4172087606646399719

3698 dracfodder the Trooper (level 10, -6/104 HPs)
             Began as an Ogre Berserker on May 13, 2023.
             Was an Elder of Trog.
             Mangled by a hornet (8 damage)
             ... while paralysed by a hornet
             ... on level 8 of the Dungeon.
             The game lasted 00:31:19 (7605 turns).

dracfodder the Trooper (Ogre Berserker)             Turns: 7605, Time: 00:31:20

Health: -6/104     AC:  6    Str: 27    XL:     10   Next: 13%
Magic:  10/10      EV:  1    Int:  8    God:    Trog [****..]
Gold:   497        SH:  0    Dex:  8    Spells: 9/9 levels left

rFire   . . .        a - +0 war axe
rCold   . . .        p - +2 tower shield
rNeg    . . .        b - +0 animal skin
rPois   .            (helmet restricted)
rElec   .            k - +2 cloak {Will+}
rCorr   .            (gloves unavailable)
SInv    .            (boots unavailable)
Will    ++++.        (no amulet)
Stlth   ++           n - +5 ring of evasion
HPRegen 1.37/turn    (no ring)
MPRegen 0.12/turn

%: no passive effects
@: paralysed, lethally poisoned (-6 -> -7), strong-willed, on berserk cooldown,
regenerating, slowed
A: large, unfitting armour, tough skin 1
a: Renounce Religion, Berserk, Trog's Hand, Brothers in Arms


You were on level 8 of the Dungeon.
You worshipped Trog.
Trog was greatly pleased with you.
You visited 2 branches of the dungeon, and saw 9 of its levels.
You also visited: Sewer.

You collected 497 gold pieces.

Inventory:

Hand Weapons
 a - a +0 war axe (weapon)
 f - a +2 short sword of flaming
 h - a +2 flail of protection
 j - a +4 quarterstaff of chaos
 w - a +0 giant spiked club
Missiles
 v - a silver javelin
 A - 6 boomerangs (quivered)
Armour
 b - a +0 animal skin (worn)
 k - a +2 cloak of willpower (worn)
 p - a +2 tower shield (worn)
Jewellery
 n - a +5 ring of evasion (left hand)
Wands
 q - a wand of iceblast (6)
 t - a wand of digging (6)
 y - a wand of light (1)
Scrolls
 i - 2 scrolls of fog
 r - 7 scrolls of teleportation
 x - a scroll of blinking
Potions
 c - 4 potions of curing
 d - a potion of magic
 e - 4 potions of haste
 g - a potion of lignification
 l - 2 potions of brilliance
 m - 2 potions of invisibility {unknown}
 o - 3 potions of degeneration {unknown}
 s - 4 potions of flight
 u - a potion of attraction {unknown}


   Skills:
 + Level 7.9 Fighting
 + Level 5.4(7.3) Axes
 + Level 6.9(8.0) Maces & Flails
 + Level 3.6(6.0) Staves
 + Level 1.0 Throwing
 + Level 6.1 Dodging
 + Level 2.0 Stealth
 + Level 5.6 Shields
 + Level 0.4 Evocations


You had 9 spell levels left.
You didn't know any spells.
Your spell library was empty.

Dungeon Overview and Level Annotations

Branches:
Dungeon (8/15)             Temple (1/1) D:7           Sewer (visited)
   Lair: D:8-11

Altars:
Cheibriados
Dithmenos
Elyvilon
Gozag
Hepliaklqana
Nemelex Xobeh
Okawaru
Sif Muna
Trog
Vehumet
Wu Jian
Xom
Yredelemnul
Zin
The Shining One
Lugonu

Shops:
D:3 *

Annotations:
D:4 Blork the orc


Innate Abilities, Weirdness & Mutations

You are too large for most types of armour.
You have tough skin. (AC +1)


Message History

The white imp freezes you.
* * * LOW HITPOINT WARNING * * *
Your skin crawls.
You feel strong-willed.
You feel sick.
You are no longer poisoned.
The hornet closely misses you. The white imp gestures at you.
The puff of frost misses you. The hornet stings you!
* * * LOW HITPOINT WARNING * * *
You are poisoned.
You feel as though you will be slow longer.
You block the hornet's attack.
The white imp shouts, "Give in, thou yeasty flat-headed flim-flammer!"
The white imp misses you.
You feel better. The hornet stings you.
* * * LOW HITPOINT WARNING * * *
You are poisoned.
You feel as though you will be slow longer.
You block the white imp's attack. The hornet closely misses you.
You closely miss the hornet.
The hornet is severely wounded.
You slash the white imp!
You feel very sick. You block the hornet's attack.
You block the white imp's attack.
The hornet stings you but does no damage.
The white imp shouts, "Take thy face hence, thou qualling fool-headed bugbear!"
The white imp misses you. The hornet stings you!
* * * LOW HITPOINT WARNING * * *
You suddenly lose the ability to move!
You feel sick. The hornet completely misses you.
The white imp hits you but does no damage.
You feel sick.
The hornet stings you but does no damage.
The white imp hits you.
* * * LOW HITPOINT WARNING * * *
The white imp freezes you.
* * * LOW HITPOINT WARNING * * *
The hornet stings you!
You die...

#.~≈~~~~....
#.~≈≈....∩.
.~~~≈~... ...~~.~
.~~ ### .....
~~~~~~ ....##...
...... #....5y#
....# ##..@#
#...#
#..))###...#
.....#
##........#
.....##
####....##
......# ##..##
......# #..##
####### ......##
#...## ##.....#
.......# #..#..##
#....<.. .......#
#..##..###.......


You could see a hornet and a white imp.

Vanquished Creatures
  Pikel (D:5)
  A polar bear (D:8)
  A troll (D:6)
  Grinder (D:3)
  Edmund (D:4)
  Menkaure (D:5)
  2 water moccasins
  2 sky beasts
  A black bear (D:4)
  An ice beast (D:6)
  2 orc warriors (D:7)
  2 ogres (D:7)
  A phantom (D:6)
  A centaur (D:7)
  4 bullfrogs
  4 scorpions
  A howler monkey (D:6)
  A crimson imp (D:5)
  3 hounds
  4 jellies (D:6)
  An orc priest (D:7)
  Crazy Yiuf (D:2)
  2 iguanas (D:5)
  2 orc wizards
  A sickly merfolk siren (Sewer)
  A malarious merfolk avatar (Sewer)
  6 adders
  3 gnolls (D:7)
  2 shadow imps (D:6)
  A white imp (D:5)
  3 worms
  3 dart slugs
  20 orcs
  14 ball pythons
  8 endoplasms
  9 giant cockroaches
  6 goblins
  8 hobgoblins
  12 jackals
  4 kobolds
  6 quokkas
  7 bats
  6 frilled lizards
  22 rats
183 creatures vanquished.

Vanquished Creatures (others)
  A gnoll (D:7)
  A quokka (D:6)
  A jackal zombie (D:4)
3 creatures vanquished.

Grand Total: 186 creatures vanquished

Notes
Turn   | Place    | Note
-------+----------+-------------------------------------------
     0 | D:1      | dracfodder the Ogre Berserker began the quest for the Orb.
     0 | D:1      | Reached XP level 1. HP: 24/24 MP: 1/1
   295 | D:1      | Reached XP level 2. HP: 25/32 MP: 2/2
   857 | D:1      | Reached XP level 3. HP: 32/40 MP: 3/3
  1589 | D:2      | Reached ** piety under Trog
  1590 | D:2      | Found a sparkling altar of Nemelex Xobeh.
  1727 | D:2      | Found a runed translucent door.
  1728 | D:2      | Noticed Crazy Yiuf
  2003 | D:2      | Found a faded altar of an unknown god.
  2173 | D:2      | Reached XP level 4. HP: 42/49 MP: 4/4
  2802 | D:2      | Killed Crazy Yiuf
  2803 | D:2      | Reached skill level 5 in Fighting
  2899 | D:3      | Found Gozag's Platinum Reserve.
  2904 | D:3      | Found an opulent altar of Gozag.
  2989 | D:3      | Found a hazy altar of Hepliaklqana.
  2996 | D:3      | Noticed Grinder
  3015 | D:3      | Paralysed by Grinder for 2 turns
  3019 | D:3      | Killed Grinder
  3020 | D:3      | Reached skill level 5 in Axes
  3020 | D:3      | Reached skill level 1 in Staves
  3020 | D:3      | Reached XP level 5. HP: 24/59 MP: 5/5
  3020 | D:3      | Reached XP level 6. HP: 27/67 MP: 6/6
  3308 | D:3      | Reached skill level 6 in Fighting
  3568 | D:4      | Noticed a black bear
  3582 | D:4      | Killed a black bear
  3583 | D:4      | Reached XP level 7. HP: 48/75 MP: 7/7
  3677 | D:4      | Reached *** piety under Trog
  3750 | D:4      | Noticed Edmund
  3762 | D:4      | Killed Edmund
  4210 | D:4      | Noticed Blork the orc
  4223 | D:4      | Found a shimmering blue altar of Sif Muna.
  4278 | D:5      | Entered Level 5 of the Dungeon
  4306 | D:5      | Found a glowing drain.
  4319 | Sewer    | Entered a sewer
  4911 | D:5      | Noticed Menkaure
  4913 | D:5      | Killed Menkaure
  4914 | D:5      | Reached skill level 1 in Maces & Flails
  4914 | D:5      | Reached skill level 1 in Stealth
  4914 | D:5      | Reached skill level 1 in Shields
  4914 | D:5      | Reached XP level 8. HP: 44/84 MP: 8/8
  5018 | D:5      | Noticed Pikel
  5044 | D:5      | Killed Pikel
  5130 | D:5      | Found an ornate altar of the Wu Jian Council.
  5732 | D:6      | Reached skill level 7 in Fighting
  5818 | D:6      | Reached XP level 9. HP: 89/93 MP: 9/9
  5839 | D:6      | Reached skill level 5 in Dodging
  5893 | D:6      | Reached **** piety under Trog
  5894 | D:6      | Reached skill level 5 in Maces & Flails
  6113 | D:6      | Found a white marble altar of Elyvilon.
  6382 | D:6      | Noticed a troll
  6398 | D:6      | Killed a troll
  7010 | D:7      | Found a staircase to the Ecumenical Temple.
  7022 | Temple   | Entered the Ecumenical Temple
  7137 | D:7      | Reached skill level 1 in Throwing
  7137 | D:7      | Reached XP level 10. HP: 81/104 MP: 10/10
  7513 | D:8      | Found a glowing golden altar of the Shining One.
  7574 | D:8      | Reached skill level 5 in Shields
  7585 | D:8      | Paralysed by a hornet for 3 turns
  7592 | D:8      | Paralysed by a hornet for 2 turns
  7603 | D:8      | Paralysed by a hornet for 3 turns
  7605 | D:8      | HP: 2/104 [white imp (4)]
  7605 | D:8      | Mangled by a hornet

Illustrated notes

Levels and vault maps discovered:
D:1:      lightli_arrival_statue_moat, layout_basic
D:2:      layout_basic, dreamdust_ecumenical_altar_hidden_monk_grotto,
          basic_altar, corexii_leaking_fountain, uniq_crazy_yiuf_cottage
D:3:      minmay_chambers_of_twos, layout_basic, mainiacjoe_overflow_chevrons,
          nicolae_gozag_zags_fifth_avenue, uniq_grinder
D:4:      layout_cave_pools, tgw_sif, uniq_edmund
D:5:      layout_loops_corners, nzn_wu_jian_contemplation,
          cheibrodos_sewer_entry_bend, grunt_ministairs_2,
          minmay_fire_ice_demons, uniq_menkaure, uniq_pikel
D:6:      minmay_diamond_boxcup, layout_rooms, elyvilon_altar_4,
          chequers_serial_rivers_micro_c
D:7:      layout_cave_pools, minmay_temple_entry_hall, kennysheep_crisscross,
          st_stairs_13
D:8:      layout_cave_pods, old_standard_altar, kennysheep_little_box,
          mainiacjoe_overflow_surrounded_room, mainiacjoe_overflow_tiny_flanked,
          cheibrodos_ashenzari_chains, enter_ossuary_4, serial_ice,
          serial_ice_i, serial_ice_a, serial_ice_g, serial_ice_o, serial_ice_c,
          serial_ice_m, uniq_erica
Temple:   corrupted_temple

Skill      XL: |  1  2  3  4  5  6  7  8  9 10 |
---------------+-------------------------------+-----
Axes           | 4 5 |  5.4
Fighting       | 5 6 7 |  7.9
Dodging        | 3 4 5 6 |  6.1
Staves         | 1 2 3 |  3.6
Maces & Flails | 1 4 6 |  6.9
Stealth        | 1 2 |  2.0
Shields        | 1 3 4 5 |  5.6
Throwing       | 1 |  1.0
Evocations     | |  0.4

Action                     |  1- 3 |  4- 6 |  7- 9 | 10-12 || total
---------------------------+-------+-------+-------+-------++-------
  Melee: Hand axe          |   178 |    31 |       |       ||   209
         Punch             |     1 |       |       |       ||     1
         Quarterstaff      |       |    58 |    33 |       ||    91
         Flail             |       |       |   334 |    48 ||   382
         War axe           |       |       |       |     6 ||     6
  Throw: Javelin           |       |       |     4 |       ||     4
         Boomerang         |       |       |     5 |     1 ||     6
 Invoke: Berserk           |       |     2 |     4 |     1 ||     7
         Trog's Hand       |       |     1 |     4 |     1 ||     6
  Evoke: Wand              |       |       |     5 |     1 ||     6
    Use: Scroll            |     4 |       |    10 |       ||    14
         Potion            |       |       |       |     2 ||     2
   Stab: Sleeping          |       |       |     3 |       ||     3
 Armour: Animal skin       |    51 |    38 |   134 |    47 ||   270
  Dodge: Dodged            |    93 |    59 |   134 |    63 ||   349
  Block: Tower shield      |       |       |   256 |    74 ||   330

Table legend: (Time is in decaauts)
 A = Elapsed time spent in this place.
 B = Non-inter-level travel time spent in this place.
 C = Inter-level travel time spent in this place.
 D = Time resting spent in this place.
 E = Time spent auto-exploring this place.
 F = Levels seen in this place.
 G = Mean time per level.
                   A        B        C        D        E       F      G
               +--------+--------+--------+--------+--------+-----+--------+
         Total |   7840 |   7605 |    235 |    698 |   5191 |  10 |  784.0 |
       Dungeon |   7336 |   7112 |    224 |    631 |   4997 |   8 |  917.0 |
        Temple |     44 |     33 |     11 |      0 |     26 |   1 |   44.0 |
         Sewer |    459 |    459 |      0 |     67 |    168 |   1 |  459.0 |
               +--------+--------+--------+--------+--------+-----+--------+

Top non-repeatable levels by time:
     D:2: 1562 daAuts
     D:1: 1350 daAuts
     D:5: 1063 daAuts
     D:7: 936 daAuts
     D:6: 908 daAuts
     D:4: 736 daAuts
     D:3: 699 daAuts
   Sewer: 459 daAuts
     D:8: 79 daAuts
  Temple: 44 daAuts
